 Dungeon Crawl Stone Soup version 0.31-a0-232-gb1c03b2570 (webtiles) character file.

Game seed: 15477663876926489979

110 qw the Shooter (level 4, 0/26 HPs)
             Began as a Gargoyle Hexslinger on July 7, 2023.
             Slain by an orc
             ... wielding a +0 war axe
              (4 damage)
             ... on level 3 of the Dungeon.
             The game lasted 00:00:42 (1825 turns).

qw the Shooter (Gargoyle Hexslinger)                Turns: 1825, Time: 00:00:43

Health: 0/26       AC:  8    Str: 12    XL:     4   Next: 91%
Magic:  5/5        EV: 10    Int: 13    God:
Gold:   84         SH:  0    Dex: 14    Spells: 4/5 levels left

rFire   . . .        Y - +1 sling (flame)
rCold   + . .        (no shield)
rNeg    + . .        j - +0 ring mail
rPois   inf          (no helmet)
rElec   +            (no cloak)
rCorr   .            (no gloves)
SInv    .            (no boots)
Will    .....        (no amulet)
Stlth   +            e - ring of protection from cold
HPRegen 0.24/turn    (no ring)
MPRegen 0.09/turn

%: no passive effects
@: no status effects
A: sickness immunity, AC +3, negative energy resistance 1, electricity
resistance, torment resistance 1, petrification resistance
a: no special abilities


You were on level 3 of the Dungeon.
You visited 1 branch of the dungeon, and saw 3 of its levels.

You collected 84 gold pieces.


Innate Abilities, Weirdness & Mutations

You are immune to sickness and miasma.
Your stone body is resilient. (AC +3)
You are immune to poison.
You resist negative energy. (rN+)
You are resistant to electric shocks. (rElec)
You are resistant to unholy torment.
You are immune to petrification.


   Skills:
 - Level 2.0 Fighting
 + Level 4.4 Ranged Weapons
 - Level 1.0 Armour
 - Level 1.5 Dodging
 - Level 1.0 Spellcasting
 - Level 2.6 Hexes


You had 4 spell levels left.
You knew the following spells:

 Your Spells              Type           Power      Damage    Failure   Level
a - Slow                  Hex            28%        N/A       22%         1

Your spell library contained the following spells:

 Spells                   Type           Power      Damage    Failure   Level
 Inner Flame              Hex/Fire       4%         N/A       73%         3
 Portal Projectile        Hex/Tloc       8%         N/A       73%         3
 Cause Fear               Hex            3%         N/A       91%         4

Inventory:

Hand Weapons
 Y - a +1 sling of flaming (weapon)
Armour
 j - a +0 ring mail (worn)
Jewellery
 e - a ring of protection from cold (left hand)
Scrolls
 a - a scroll of identify
Potions
 d - a potion of enlightenment
 f - a potion of curing
 g - a potion of cancellation
 h - a potion of berserk rage {unknown}
 i - a potion of haste {unknown}

Dungeon Overview and Level Annotations

Branches:
Dungeon (3/15)

Altars:
Zin


Message History

The sling bullet hits the dart slug.
The sling bullet burns the dart slug.
The dart slug is heavily wounded.
The orc wizard hits you but does no damage.
The orc priest calls down the wrath of Beogh upon you.
Beogh smites you!
You shoot a sling bullet.
The sling bullet closely misses the orc wizard.
The sling bullet barely misses the orc.
The sling bullet completely misses the orc.
The sling bullet hits the orc priest but does no damage.
The orc wizard hits you with a +0 dagger.
The dart slug launches a dart at you.
The slug dart hits you but does no damage.
You shoot a sling bullet. The sling bullet hits the dart slug!
The sling bullet burns the dart slug.
You kill the dart slug!
You shoot a sling bullet. The sling bullet hits the orc wizard.
The sling bullet burns the orc wizard.
You kill the orc wizard!
The orc hits you but does no damage.
You shoot a sling bullet. The sling bullet barely misses the orc.
The orc closely misses you. The orc completely misses you.
The orc hits you but does no damage. x2
You shoot a sling bullet. The sling bullet hits the orc.
The sling bullet burns the orc.
The orc is heavily wounded.
The orc barely misses you. x2
You shoot a sling bullet.
The sling bullet hits the orc but does no damage.
The orc is heavily wounded.
The orc barely misses you. x2
You shoot a sling bullet.
The sling bullet hits the orc but does no damage.
The orc is heavily wounded.
The orc hits you but does no damage. The orc hits you with a +0 club.
You shoot a sling bullet.
The sling bullet hits the orc but does no damage.
The orc is heavily wounded.
The orc hits you but does no damage. The orc hits you with a +0 war axe.
You die...

#...............###
####.#.######...####
#......# ##.##
.##..#.### #.#
...¤.....# #.#
.~~~¤~~~.# #+#
.¤.¤.....#
.~.¤¤¤.~.#
.~.....~@#
.~.._..~oo#
.~.....~o...
¤¤¤¤¤.~.####
...¤¤¤¤.# ¤¤¤~¤~¤.#
....¤¤¤$. .......##


You could see an orc priest and 2 orcs.

Vanquished Creatures
  An orc wizard (D:3)
  3 adders (D:2)
  2 dart slugs
  2 endoplasms (D:2)
  2 giant cockroaches (D:2)
  8 goblins
  6 hobgoblins
  4 jackals (D:2)
  4 kobolds
  3 quokkas (D:2)
  3 ball pythons
  5 bats
  4 frilled lizards
  4 rats
51 creatures vanquished.

Notes
Turn   | Place    | Note
-------+----------+-------------------------------------------
     0 | D:1      | qw the Gargoyle Hexslinger began the quest for the Orb.
     0 | D:1      | Reached XP level 1. HP: 12/12 MP: 2/2
     0 | D:1      | 0 ||| qw: Version: 0.3-a-46-gb1f654a
     0 | D:1      | 0 ||| qw: Game counter: 2844
     0 | D:1      | 0 ||| qw: Melee chars always use a shield: true
     0 | D:1      | 0 ||| qw: God list: Okawaru
     0 | D:1      | 0 ||| qw: Allow faded altars: false
     0 | D:1      | 0 ||| qw: Do Orc after clearing Dungeon:15 true
     0 | D:1      | 0 ||| qw: Do second Lair branch before Depths: true
     0 | D:1      | 0 ||| qw: Lair rune preference: random
     0 | D:1      | 0 ||| qw: Goals: Normal
     0 | D:1      | 0 ||| PLANNING D:1-11
    95 | D:1      | Found a faded altar of an unknown god.
   108 | D:1      | Reached XP level 2. HP: 15/16 MP: 3/3
   194 | D:1      | 194 ||| UPGRADING to ring of protection from cold.
   195 | D:1      | 195 ||| DROPPING scroll of poison.
   251 | D:1      | Reached skill level 3 in Ranged Weapons
   673 | D:1      | 673 ||| UPGRADING to +0 ring mail.
   683 | D:1      | 683 ||| DROPPING +0 robe.
   684 | D:1      | 684 ||| READING 2 scrolls labelled YHURUY HIBINN.
   685 | D:1      | 685 ||| READING scroll labelled ECEXETHREOSE.
   686 | D:1      | 686 ||| READING scroll labelled XIW GEOTIPPEAH.
   746 | D:2      | Reached XP level 3. HP: 21/21 MP: 4/4
  1207 | D:2      | Reached XP level 4. HP: 26/26 MP: 5/5
  1317 | D:2      | Reached skill level 4 in Ranged Weapons
  1430 | D:2      | Reached skill level 1 in Armour
  1642 | D:2      | 1642 ||| READING scroll labelled YTZAUTR CIQALY.
  1643 | D:2      | 1643 ||| READING scroll labelled IXUJEMIZOI.
  1647 | D:2      | 1647 ||| READING scroll labelled OHESIO ZUJI.
  1748 | D:2      | 1748 ||| DRINKING 2 brown potions.
  1749 | D:2      | 1749 ||| READING 3 scrolls of identify.
  1749 | D:2      | 1749 ||| IDENTIFYING dark potion
  1750 | D:2      | 1750 ||| READING 2 scrolls of identify.
  1750 | D:2      | 1750 ||| IDENTIFYING fuming blue potion
  1803 | D:3      | Found a glowing silver altar of Zin.
  1817 | D:3      | HP: 6/26 [orc priest/divine providence (10)]
  1824 | D:3      | HP: 4/26 [orc/+0 club (2)]
  1825 | D:3      | Slain by an orc

Levels and vault maps discovered:
D:1:      dpeg_arrival_boxorama, layout_loops_ring,
          ebering_ecumenical_altar_abandoned, reono_crystal_passage,
          minmay_ruptured
D:2:      layout_loops_corners
D:3:      layout_loops_corners, mainiacjoe_overflow_cross_hatched,
          minmay_surrounded

Skill      XL: |  1  2  3  4 |
---------------+-------------+-----
Ranged Weapons | 3 4 |  4.4
Fighting       | 2 |  2.0
Armour         | 1 |  1.0
Dodging        | |  1.5
Spellcasting   | |  1.0
Hexes          | |  2.6

Action                     |  1- 3 |  4- 6 || total
---------------------------+-------+-------++-------
   Fire: Sling             |   109 |    52 ||   161
    Use: Scroll            |     3 |     5 ||     8
         Potion            |       |     1 ||     1
 Armour: Robe              |     5 |       ||     5
         Ring mail         |    20 |    19 ||    39
  Dodge: Dodged            |    24 |    22 ||    46

Table legend:
 A = Non-vault XP
 B = Vault XP
 C = Vault XP percentage of total XP
 D = Non-vault monster count
 E = Vault monster count
 F = Vault count percentage of total count
                 A         B        C        D         E       F
            +---------+---------+-------+---------+---------+-------
      Total |     158 |       0 |   0.0 |      51 |       0 |   0.0
            +---------+---------+-------+---------+---------+-------
        D:1 |      31 |       0 |   0.0 |      20 |       0 |   0.0
        D:2 |      87 |       0 |   0.0 |      29 |       0 |   0.0
        D:3 |      40 |       0 |   0.0 |       2 |       0 |   0.0
            +---------+---------+-------+---------+---------+-------
